 Dungeon Crawl Stone Soup version 0.32-a0-859-gb0a091d592 (webtiles) character file.

Game seed: 16437908960823543872

2499 kae the Carver (level 9, -1/61 HPs)
             Began as a Coglin Gladiator on Mar 27, 2024.
             Killed from afar by an acid dragon (36 damage)
             ... with a splash of acid
             ... on level 7 of the Dungeon.
             The game lasted 00:04:44 (6098 turns).

kae the Carver (Coglin Gladiator)                   Turns: 6098, Time: 00:04:45

Health: -1/61      AC:  9    Str: 15    XL:     9   Next: 53%
Magic:  9/9        EV:  9    Int:  7    God:
Gold:   1089       SH:  0    Dex: 20    Spells: 8/8 levels left

rFire   + . .        a - +1 long sword (heavy) {Akihito}
rCold   . . .        m - +1 dagger (vamp) {Alejandra}
rNeg    . . .        I - +3 scale mail {rF+}
rPois   .            c - +1 helmet
rElec   .            w - +2 cloak
rCorr   .            G - +2 pair of gloves
SInv    .            (no boots)
Will    .....        (amulet unavailable) Stlth
                     (ring unavailable)
HPRegen 0.30/turn    (ring unavailable)
MPRegen 0.11/turn    (no gizmo)

%: no passive effects
@: corroded, revving
A: off-hand wielding, slow wielding, warmup strikes, no jewellery
a: Invent Gizmo


You were on level 7 of the Dungeon.
You visited 2 branches of the dungeon, and saw 8 of its levels.

You collected 1257 gold pieces.
You spent 168 gold pieces at shops.


Innate Abilities, Weirdness & Mutations

You can wield a second weapon in your off-hand.
It takes a long time for you to wield or remove held weapons.
Your first few attacks do less damage.
You cannot equip rings or amulets.


   Skills:
 - Level 2.0 Fighting
 + Level 12.8 Long Blades
 - Level 1.7 Throwing
 - Level 2.6 Dodging


You had 8 spell levels left.
You didn't know any spells.
Your spell library contained the following spells:

 Spells                   Type           Power      Damage    Failure   Level
 Necrotise                Necr           0%         1d4       89%         1
 Dazzling Flash           Conj/Hex       0%         N/A       99%         3
 Sigil of Binding         Hex            0%         N/A       99%         3
 Vampiric Draining        Necr           0%         2d6       99%         3
 Martyr's Knell           Necr/Summ      0%         N/A       100%        4
 Olgreb's Toxic Radiance  Alch           0%         N/A       100%        4
 Curse of Agony           Necr           0%         N/A       100%        5
 Death Channel            Necr           0%         N/A       100%        6
 Sculpt Simulacrum        Ice/Alch       0%         N/A       100%        6
 Starburst                Conj/Fire      0%         6d3       100%        6
 Ozocubu's Refrigeration  Ice            0%         4d7       100%        7
 Discord                  Hex            0%         N/A       100%        8
 Maxwell's Capacitive Co  Air            0%         ∞         100%        8

Inventory:

Hand Weapons
 a - a +1 heavy long sword (weapon) {Akihito}
 f - a +0 dagger {Seoyun}
 m - a +1 vampiric dagger (offhand) {Alejandra}
   (You took it off a kobold on level 1 of the Dungeon)
Missiles
 d - 3 throwing nets (quivered) {=f!f}
 e - a javelin
 h - 50 stones
 k - 4 atropa-tipped darts
 v - 3 boomerangs
 F - 15 poisoned darts
Armour
 b - a +0 leather armour
 c - a +1 helmet (worn)
 r - the +1 leather armour "Nuclar" {Fly rF++}
   (You found it on level 2 of the Dungeon)

   rF++:      It greatly protects you from fire.
   Fly:       It grants you flight.
 w - a +2 cloak (worn)
   (You found it on level 4 of the Dungeon)
 G - a +2 pair of gloves (worn)
   (You found it on level 5 of the Dungeon)
 I - a +3 scale mail of fire resistance (worn)
   (You bought it in a shop on level 7 of the Dungeon)
Jewellery
 u - an amulet of reflection
   (You found it on level 4 of the Dungeon)
 C - a ring of ice
   (You found it on level 5 of the Dungeon)
 T - an amulet of faith {!P}
   (You found it on level 2 of the Dungeon)
 W - a ring of magical power
   (You found it on level 2 of the Dungeon)
Wands
 o - a wand of roots (6)
   (You found it on level 6 of the Dungeon)
 p - a wand of acid (13)
   (You found it on level 2 of the Dungeon)
Scrolls
 g - 3 scrolls of teleportation {@r4}
 n - a scroll of immolation {!r!r}
 s - 2 scrolls of poison {unknown}
 x - 2 scrolls of blinking {!r}
 y - a scroll of vulnerability {!r!r}
 z - a scroll of noise {unknown}
 E - a scroll of identify {@r1}
 H - 2 scrolls of enchant weapon
Potions
 i - 3 potions of attraction {!q}
 j - 3 potions of heal wounds {@q2}
 l - 4 potions of curing {@q1}
 q - 2 potions of degeneration {!q}
 t - a potion of ambrosia {unknown}
 A - 2 potions of might
 B - a potion of brilliance {unknown}
 D - a potion of invisibility {unknown}

Dungeon Overview and Level Annotations

Branches:
Dungeon (7/15) Zot: 26440  Temple (1/1) D:5 Zot: 5998

Altars:
Cheibriados
Dithmenos
Elyvilon
Fedhas
Gozag
Hepliaklqana
Makhleb
Nemelex Xobeh
Okawaru
Qazlal
Ru
Sif Muna
Trog
Uskayaw
Vehumet
Wu Jian
Yredelemnul
Zin
The Shining One

Shops:
D:7 [

Annotations:
D:6 Maggie

##############
###............##
...####.#######..##
####.###...###......#
...#.#>.#....##.D...#
...#.####.....##@...#
...#......#....##....#
...######.##....##....#
..## #.###....##....#
##### #.# ##....###..#
....# #.# #...## ###
....# ## ###.# ....+
#.# ....# # #.#


You could see an acid dragon (catching breath).


Message History

There is an open door here.
There is an open door here.
H - 2 scrolls of enchant weapon (gained 1) Key pressed, stopping explore.
No target in view!
No target in view!
You reach down and open the door.
There is an open door here.
h - 50 stones (gained 5) Key pressed, stopping explore.
No target in view!
No target in view!
You reach down and open the door.
There is an open door here.
You see here a +0 great sword.
You reach down and open the door.
Found Xenusep's Antique Armour Boutique.
No target in view!
No target in view!
There is an open door here.
There is an entrance to Xenusep's Antique Armour Boutique here.
I - a +3 scale mail of fire resistance Thank you for shopping at Xenusep's Antique Armour Boutique!
You start removing your armour.
You continue removing the +1 leather armour "Nuclar" {Fly rF++}. x4
You finish removing the +1 leather armour "Nuclar" {Fly rF++}.
You float gracefully downwards.
You start putting on your armour.
You continue putting on your +3 scale mail of fire resistance. x5
You finish putting on your +3 scale mail of fire resistance.
You feel resistant to fire. As you open the door, it creaks loudly!
An iguana comes into view.
The iguana hisses angrily.
An iguana is nearby!
An iguana is nearby!
An iguana is nearby!
You hit the iguana but do no damage.
You hit the iguana with your +1 heavy long sword.
The iguana bites you but does no damage.
You closely miss the iguana with your +1 vampiric dagger.
You closely miss the iguana with your +1 heavy long sword.
The iguana bites you. 😕 HP[-1]
You take 1 damage, and now have 60/61 hp.
You hit the iguana but do no damage.
You slash the iguana with your +1 heavy long sword!
You kill the iguana!
No target in view!
Found a stone staircase leading down.
There is an open door here.
You see here an iguana corpse. 😎 HP[+1]
Your hp is fully restored (61).
No target in view!
No target in view!
There is a stone staircase leading down here.
A bullfrog comes into view.
A bullfrog is nearby!
The bullfrog hits you but does no damage.
The bullfrog completely misses you.
A bullfrog is nearby!
You hit the bullfrog with your +1 vampiric dagger.
You slice the bullfrog with your +1 heavy long sword!!
You kill the bullfrog!
No target in view!
Found an escape hatch in the floor.
No target in view!
No target in view!
s - 2 scrolls labelled TEYGUY BODU (gained 1)
An acid dragon comes into view.
The acid dragon roars!
The acid dragon spits acid at you. The splash of acid hits you!! 😮 HP[-25]
You take 25 damage, and now have 36/61 hp.
MASSIVE DAMAGE!! (PAUSE)
The acid dragon closely misses you.
The acid dragon claws you but does no damage.
The acid dragon spits acid at you.
The splash of acid hits you but does no damage.
The acid corrodes you! 😮 HP[+1]
You hit the acid dragon but do no damage.
You slice the acid dragon with your +1 heavy long sword!!
The acid dragon bites you but does no damage.
The acid dragon claws you but does no damage.
You closely miss the acid dragon with your +1 heavy long sword.
You hit the acid dragon but do no damage.
The acid dragon spits acid at you. The splash of acid hits you.
The acid corrodes you! 😮 HP[-3]
You take 3 damage, and now have 34/61 hp.
Unknown command.
You barely miss the acid dragon with your +1 heavy long sword.
You hit the acid dragon but do no damage.
The acid dragon spits acid at you. The splash of acid hits you!!!
Ouch! That really hurt!
You die...

Skill      XL: |  1  2  3  4  5  6  7  8  9 |
---------------+----------------------------+-----
Long Blades    | 4 5 8 9 11 12 | 12.8
Fighting       | |  2.0
Throwing       | |  1.7
Dodging        | |  2.6

Action                     |  1- 3 |  4- 6 |  7- 9 || total
---------------------------+-------+-------+-------++-------
  Melee: Long sword        |    79 |    33 |   194 ||   306
         Dagger            |    71 |    33 |   179 ||   283
  Evoke: Wand              |       |     5 |       ||     5
    Use: Scroll            |     4 |     1 |    10 ||    15
         Potion            |       |       |     1 ||     1
   Stab: Sleeping          |     7 |     3 |     1 ||    11
 Armour: Leather armour    |    37 |    15 |   119 ||   171
         Scale mail        |       |       |    10 ||    10
  Dodge: Dodged            |    49 |    21 |   113 ||   183

Levels and vault maps discovered:
D:1:      arrival_aquarium_b, layout_loops_ring,
          hellmonk_ecumenical_altar_prayer_group, minmay_misc_feat_columns,
          nicolae_houndstooth_variations
D:2:      layout_loops_corners
D:3:      layout_loops_ring
D:4:      layout_basic, uniq_pikel
D:5:      cheibrodos_thug_alley, layout_rooms, nicolae_ru_path_of_blood,
          old_standard_altar, minmay_temple_entry_steel_oval, uniq_edmund
D:6:      layout_basic, mainiacjoe_overflow_six_doors_small,
          grunt_decor_junction, uniq_maggie
D:7:      layout_basic, gammafunk_temple_overflow_forgotten,
          mainiacjoe_overflow_catwalk, serial_co_window_serial,
          co_window_of_opportunity_a, co_window_corner_a,
          co_window_of_opportunity_a, co_window_paths_b, co_window_paths_b,
          co_window_broadway_b, co_window_paths_c, co_window_broadway_b,
          glass_columns_b, serial_shops, kennysheep_little_box,
          nrook_mini_backslash
Temple:   dshaligram_water_room_temple

Notes
Turn   | Place    | Note
-------+----------+-------------------------------------------
     0 | D:1      | kae the Coglin Gladiator began the quest for the Orb.
     0 | D:1      | Reached XP level 1. HP: 16/16 MP: 1/1
     0 | D:1      | magus.rc [v1.11.3]
     3 | D:1      | Noticed an electric eel
     4 | D:1      | Noticed an electric eel
   106 | D:1      | Reached XP level 2. HP: 22/22 MP: 2/2
   448 | D:1      | Reached skill level 4 in Long Blades
   616 | D:1      | Reached XP level 3. HP: 22/27 MP: 3/3
   620 | D:1      | Found a faded altar of an unknown god.
  1237 | D:2      | Identified the +1 leather armour "Nuclar" {Fly rF++}
  1288 | D:2      | You pick up a book of Necromancy and begin reading...
  1288 | D:2      | You add the spells Necrotise, Vampiric Draining, Martyr's
                  | Knell and Curse of Agony to your library.
  1910 | D:3      | Reached XP level 4. HP: 33/33 MP: 4/4
  2106 | D:3      | Reached skill level 5 in Long Blades
  2335 | D:4      | Reached XP level 5. HP: 38/38 MP: 5/5
  2405 | D:4      | Noticed a lemure
  2415 | D:4      | Killed a lemure
  2416 | D:4      | Noticed a lemure
  2416 | D:4      | Noticed a lemure
  2421 | D:4      | Noticed Pikel
  2428 | D:4      | Noticed a lemure
  2433 | D:4      | Killed a lemure
  2434 | D:4      | Killed a lemure
  2435 | D:4      | Killed a lemure
  2435 | D:4      | Killed Pikel
  2436 | D:4      | Reached skill level 8 in Long Blades
  2436 | D:4      | Reached XP level 6. HP: 44/44 MP: 6/6
  2436 | D:4      | Reached XP level 7. HP: 50/50 MP: 7/7
  2630 | D:4      | Reached skill level 9 in Long Blades
  2682 | D:4      | HP: 9/50 [ice beast (12)]
  2686 | D:4      | Reached XP level 8. HP: 14/56 MP: 8/8
  3302 | D:5      | Entered Level 5 of the Dungeon
  3302 | D:5      | Noticed Edmund
  3384 | D:5      | You add the spells Olgreb's Toxic Radiance, Ozocubu's
                  | Refrigeration and Discord to your library.
  3716 | D:5      | Reached skill level 10 in Long Blades
  3773 | D:5      | Found an opulent altar of Gozag.
  3830 | D:5      | Found a staircase to the Ecumenical Temple.
  3866 | Temple   | Entered the Ecumenical Temple
  4030 | D:5      | Killed Edmund
  4146 | D:5      | Identified a scroll of acquirement
  4146 | D:5      | Acquired 951 gold pieces
  4248 | D:5      | Found a sacrificial altar of Ru.
  4324 | D:5      | You pick up a book of Wicked Creation and begin reading...
  4324 | D:5      | You add the spells Sigil of Binding, Sculpt Simulacrum and
                  | Death Channel to your library.
  4414 | D:6      | Reached skill level 11 in Long Blades
  4555 | D:6      | Reached XP level 9. HP: 44/61 MP: 9/9
  4645 | D:6      | HP: 15/61 [ice beast (10)]
  4803 | D:6      | Found a stormy altar of Qazlal.
  4888 | D:6      | You pick up a book of Spectacle and begin reading...
  4888 | D:6      | You add the spells Dazzling Flash, Starburst and Maxwell's
                  | Capacitive Coupling to your library.
  4929 | D:6      | Reached skill level 12 in Long Blades
  4947 | D:6      | HP: 15/61 [poisoned by a killer bee]
  4952 | D:6      | HP: 12/61 [poisoned by a killer bee]
  4956 | D:6      | Noticed Maggie
  5586 | D:7      | Found a shimmering blue altar of Sif Muna.
  5866 | D:7      | Found a basalt altar of Yredelemnul.
  5903 | D:7      | Found an iron altar of Okawaru.
  6032 | D:7      | Found Xenusep's Antique Armour Boutique.
  6037 | D:7      | Bought a glowing scale mail for 168 gold pieces
  6098 | D:7      | Killed from afar by an acid dragon

Vanquished Creatures
  Pikel (D:4)
  A steam dragon (D:6)
  A water moccasin (D:5)
  Edmund (D:5)
  A sky beast (D:6)
  3 ice beasts
  3 ogres
  2 phantoms
  A centaur (D:7)
  4 lemures (D:4)
  A kobold brigand (D:5)
  3 scorpions
  A bullfrog (D:7)
  5 killer bees (D:6)
  2 bombardier beetles (D:4)
  5 iguanas
  An orc wizard (D:7)
  2 adders
  3 shadow imps (D:6)
  2 ribbon worms
  3 dart slugs
  15 orcs
  4 bats
  9 endoplasms
  A giant cockroach (D:3)
  13 hobgoblins
  17 kobolds
  3 quokkas
  6 ball pythons
  4 frilled lizards
  4 goblins
  4 rats
126 creatures vanquished.

Table legend:
 A = Non-vault XP
 B = Vault XP
 C = Vault XP percentage of total XP
 D = Non-vault monster count
 E = Vault monster count
 F = Vault count percentage of total count
                 A         B        C        D         E       F
            +---------+---------+-------+---------+---------+-------
      Total |    2710 |     860 |  24.1 |     105 |      17 |  13.9
            +---------+---------+-------+---------+---------+-------
        D:1 |      32 |       5 |  13.5 |      20 |       3 |  13.0
        D:2 |      32 |       0 |   0.0 |      16 |       0 |   0.0
        D:3 |     128 |       0 |   0.0 |      18 |       0 |   0.0
        D:4 |     555 |     586 |  51.4 |      16 |       1 |   5.9
        D:5 |     291 |     269 |  48.0 |       4 |      13 |  76.5
        D:6 |    1224 |       0 |   0.0 |      23 |       0 |   0.0
        D:7 |     448 |       0 |   0.0 |       8 |       0 |   0.0
            +---------+---------+-------+---------+---------+-------

Skill      XL: |  1  2  3  4  5  6  7  8  9 |
---------------+----------------------------+-----
Long Blades    | 4 5 8 9 11 12 | 12.8
Fighting       | |  2.0
Throwing       | |  1.7
Dodging        | |  2.6

Action                     |  1- 3 |  4- 6 |  7- 9 || total
---------------------------+-------+-------+-------++-------
  Melee: Long sword        |    79 |    33 |   194 ||   306
         Dagger            |    71 |    33 |   179 ||   283
  Evoke: Wand              |       |     5 |       ||     5
    Use: Scroll            |     4 |     1 |    10 ||    15
         Potion            |       |       |     1 ||     1
   Stab: Sleeping          |     7 |     3 |     1 ||    11
 Armour: Leather armour    |    37 |    15 |   119 ||   171
         Scale mail        |       |       |    10 ||    10
  Dodge: Dodged            |    49 |    21 |   113 ||   183

Illustrated notes

Table legend:
 A = Kills in this place as a percentage of kills in the entire game.
 B = Kills by you in this place as a percentage of kills by you in the entire game.
 C = Kills by friends in this place as a percentage of kills by friends in the entire game.
 D = Other kills in this place as a percentage of other kills in the entire game.
 E = Experience gained in this place as a percentage of experience gained in the entire game.
 F = Experience gained in this place divided by the number of levels of this place that you have seen.
                   A       B       C       D       E      F
               +-------+-------+-------+-------+-------+----------------------
         Total | 100.0 | 100.0 |   N/A |   N/A | 100.0 | 446.2
       Dungeon | 100.0 | 100.0 |   N/A |   N/A | 100.0 | 510.0
               +-------+-------+-------+-------+-------+----------------------

Table legend: (Time is in decaauts)
 A = Elapsed time spent in this place.
 B = Non-inter-level travel time spent in this place.
 C = Inter-level travel time spent in this place.
 D = Time resting spent in this place.
 E = Time spent auto-exploring this place.
 F = Levels seen in this place.
 G = Mean time per level.
                   A        B        C        D        E       F      G
               +--------+--------+--------+--------+--------+-----+--------+
         Total |   6079 |   5857 |    222 |    691 |   4241 |   8 |  759.9 |
       Dungeon |   6077 |   5857 |    220 |    691 |   4241 |   7 |  868.1 |
        Temple |      1 |      0 |      1 |      0 |      0 |   1 |    1.0 |
               +--------+--------+--------+--------+--------+-----+--------+

Top non-repeatable levels by time:
     D:6: 1130 daAuts
     D:4: 1127 daAuts
     D:5: 895 daAuts
     D:2: 874 daAuts
     D:1: 863 daAuts
     D:3: 627 daAuts
     D:7: 559 daAuts
  Temple: 1 daAuts
